 Dungeon Crawl Stone Soup version 0.29-a0-275-g389c0b56f3 (webtiles) character file.

Game seed: 261133098554513177

51888 tilp the Frost Mage (level 14, -1/69 HPs)
             Began as a Felid Ice Elementalist on Mar 8, 2022.
             Was a High Priest of Vehumet.
             Slain by a caustic shrike simulacrum (14 damage)
             ... in an ice cave on Mar 9, 2022.
             The game lasted 01:39:09 (53271 turns).

tilp the Frost Mage (Felid Ice Elementalist)       Turns: 53271, Time: 01:39:10

Health: -1/69      AC:  3    Str:  4    XL:     14   Next: 25%
Magic:  3/28       EV: 28    Int: 29    God:    Vehumet [*****.]
Gold:   1641       SH:  5    Dex: 21    Spells: 0/31 levels left
                                        Lives:  0   Deaths: 3

rFire   . . .      SeeInvis +     - Unarmed
rCold   + + .      Faith    .   (shield unavailable)
rNeg    . . .      Spirit   .   (body armour unavailable)
rPois   .          Reflect  +   (helmet unavailable)
rElec   +          Harm     .   (cloak unavailable)
rCorr   .          Rampage  .   (gloves unavailable)
Will    ++...                   (boots unavailable)
Stlth   +++++.....              I - amulet of Xom's Ringing Laughter {Reflect rElec rF+ Dex+3 SH+5}
HPRegen 0.21/turn               H - ring of ice
MPRegen 0.21/turn               d - +6 ring of intelligence

@: studying Stealth, quick
A: very small, claws 1, fangs 3, see invisible, speed 1, shaggy fur 3, stealthy
paws, no weapons or thrown items, no armour, multi-lived
a: Renounce Religion


You were in an ice cave.
You worshipped Vehumet.
Vehumet was extremely pleased with you.
You visited 5 branches of the dungeon, and saw 26 of its levels.
You also visited: Ice Cave.

You collected 3623 gold pieces.
You spent 1982 gold pieces at shops.

Inventory:

Jewellery
 d - a +6 ring of intelligence (right paw)
 p - an amulet of magic regeneration
 z - a ring of wizardry
 E - a ring of fire
 H - a ring of ice (left paw)
 I - the amulet of Xom's Ringing Laughter (around neck) {Reflect rElec rF+ Dex+3 SH+5}
   (You acquired it on level 4 of the Lair of Beasts)

   [amulet of reflection]

   It reflects blocked missile attacks.
   Dex:       It affects your dexterity (+3).
   rF:        It protects you from fire.
   rElec:     It insulates you from electricity.
   SH:        It affects your SH (+5).
 N - the ring of Paranoia {Fly rElec rF+ Will++ Int-2}
   (You acquired it on level 5 of the Lair of Beasts)

   [ring of flight]

   Int:       It affects your intelligence (-2).
   rF:        It protects you from fire.
   rElec:     It insulates you from electricity.
   Fly:       It grants you flight.
   Will:      It greatly increases your willpower.
 P - the ring "Enulongo" {rN+ SInv}
   (You found it on level 6 of the Lair of Beasts)

   [ring of see invisible]

   rN:        It protects you from negative energy.
   SInv:      It lets you see invisible.
 S - the ring of the Ghostly God {rCorr Dex+6}
   (You took it off a gnoll sergeant on level 8 of the Dungeon)

   [ring of dexterity]

   Dex:       It affects your dexterity (+6).
   rCorr:     It protects you from acid and corrosion.
 V - a ring of ice
 Y - a ring of poison resistance
 Z - the ring "Furealeo" {rN+++ rCorr MP+9 Int-2 Dex-3}
   (You bought it in a shop on level 2 of the Orcish Mines)

   [ring of magical power]

   Int:       It affects your intelligence (-2).
   Dex:       It affects your dexterity (-3).
   rN:        It renders you almost immune to negative energy.
   MP:        It affects your magic capacity (+9).
   rCorr:     It protects you from acid and corrosion.
Wands
 f - a wand of polymorph (20)
 g - a wand of paralysis (10)
 m - a wand of digging (8)
 n - a wand of flame (8)
 s - a wand of acid (4)
 t - a wand of charming (12)
 w - a wand of mindburst (29)
 O - a wand of iceblast (3)
Scrolls
 c - 4 scrolls of torment
 e - 2 scrolls of identify
 h - 6 scrolls of noise
 k - 8 scrolls of teleportation
 u - 2 scrolls of fear
 x - 5 scrolls of blinking
 y - 2 scrolls of fog
 A - a scroll of amnesia
 C - 4 scrolls of vulnerability
 D - 2 scrolls of holy word
 F - a scroll of immolation
 Q - a scroll of magic mapping
 X - a scroll of acquirement
Potions
 a - 2 potions of magic
 b - 9 potions of heal wounds
 i - 11 potions of curing
 j - 5 potions of flight
 l - 16 potions of ambrosia
 o - 6 potions of might
 q - 4 potions of mutation
 r - 2 potions of brilliance
 v - 4 potions of lignification
 G - a potion of attraction
 L - 3 potions of invisibility
 T - a potion of berserk rage
Miscellaneous
 B - a lightning rod (1/4)
 K - a phial of floods
 M - a tin of tremorstones (inert)
 W - a phantom mirror


   Skills:
 + Level 12.8 Fighting
 - Level 12.0 Dodging
 - Level 12.0 Stealth
 - Level 10.0 Unarmed Combat
 - Level 9.0 Spellcasting
 - Level 12.0 Conjurations
 - Level 4.0 Translocations
 * Level 13.4 Ice Magic
 - Level 4.0 Air Magic
 - Level 4.0 Earth Magic
 - Level 10.0 Evocations


You couldn't memorise any spells.
You knew the following spells:

 Your Spells              Type           Power      Damage    Failure   Level
a - Freezing Cloud        Conj/Ice/Air   40%        6-21      1%          5
b - Frozen Ramparts       Ice            100%       1d12      1%          3
c - Ozocubu's Armour      Ice            94%        N/A       1%          3
d - Hailstorm             Conj/Ice       92%        3d18      1%          4
e - Blink                 Tloc           72%        N/A       1%          2
f - Stone Arrow           Conj/Erth      100%       3d13      1%          3
g - Iskenderun's Mystic   Conj/Tloc      56%        2d12      1%          4
h - Ozocubu's Refrigerat  Ice            47%        4d14      4%          7

Your spell library contained the following spells:

 Spells                   Type           Power      Damage    Failure   Level
 Lightning Bolt           Conj/Air       28%        1d44      1%          5
 Freeze                   Ice            100%       1d11      0%          1
 Apportation              Tloc           72%        N/A       1%          1
 Poisonous Vapours        Pois/Air       48%        N/A       1%          2
 Dazzling Flash           Conj/Hex       94%        N/A       1%          3
 Fulminant Prism          Conj/Hex       23%        3d13      1%          4
 Iskenderun's Battlesphe  Conj           70%        2d12      1%          5
 Corpse Rot               Necr/Air       48%        N/A       2%          2
 Lesser Beckoning         Tloc           36%        N/A       2%          3
 Ice Form                 Ice/Tmut       67%        N/A       2%          4
 Summon Ice Beast         Ice/Summ       67%        N/A       2%          4
 Animate Skeleton         Necr           26%        N/A       4%          1
 Beastly Appendage        Tmut           26%        N/A       4%          1
 Sting                    Tmut/Pois      52%        1d5       4%          1
 Sublimation of Blood     Necr           13%        N/A       6%          2
 Wereblood                Tmut           13%        N/A       6%          2
 Lee's Rapid Deconstruct  Erth           18%        3d12*     6%          5
 Iron Shot                Conj/Erth      28%        9d6       7%          6
 Orb of Destruction       Conj           35%        9d10      7%          7
 Metabolic Englaciation   Hex/Ice        33%        N/A       8%          5
 Call Canine Familiar     Summ           13%        N/A       12%         3
 Confusing Touch          Hex            13%        N/A       12%         3
 Spider Form              Tmut/Pois      13%        N/A       12%         3
 Summon Guardian Golem    Hex/Summ       13%        N/A       12%         3
 Starburst                Conj/Fire      23%        6d8       14%         6
 Leda's Liquefaction      Hex/Erth       12%        N/A       19%         4
 Manifold Assault         Tloc           36%        N/A       22%         5
 Yara's Violent Unravell  Hex/Tmut       6%         3d5       28%         5
 Borgnjor's Vile Clutch   Necr/Erth      12%        N/A       45%         5
 Silence                  Hex/Air        12%        N/A       45%         5
 Summon Forest            Summ/Tloc      12%        N/A       45%         5
 Spellforged Servitor     Conj/Summ      23%        N/A       56%         7
 Agony                    Necr           13%        N/A       75%         5
 Blade Hands              Tmut           6%         N/A       75%         5
 Summon Mana Viper        Hex/Summ       13%        N/A       75%         5
 Eringya's Noxious Bog    Tmut/Pois      6%         N/A       80%         6
 Lehudib's Crystal Spear  Conj/Erth      28%        10d7      91%         8
 Statue Form              Tmut/Erth      16%        N/A       95%         6
 Death Channel            Necr           6%         N/A       99%         6
 Summon Cactus Giant      Summ           6%         N/A       99%         6
 Dragon Form              Tmut           6%         N/A       100%        7
 Enfeeble                 Hex            6%         N/A       100%        7
 Haunt                    Necr/Summ      6%         N/A       100%        7
 Malign Gateway           Summ/Tloc      12%        N/A       100%        7
 Monstrous Menagerie      Summ           6%         N/A       100%        7
 Summon Hydra             Summ           6%         N/A       100%        7
 Portal Projectile        Hex/Tloc       Unusable   N/A       N/A         3
 Excruciating Wounds      Necr           Unusable   N/A       N/A         5

Dungeon Overview and Level Annotations

Branches:
Dungeon (15/15)            Temple (1/1) D:7            Lair (6/6) D:8
  Swamp (2/4) Lair:4       Spider (0/4) Lair:4        Slime (0/5) Lair:6
    Orc (2/2) D:12            Elf (0/3) Orc:2        Vaults (0/5) D:14
 Depths (0/4) D:15          IceCv (1/1)

Altars:
Ashenzari
Cheibriados
Dithmenos
Elyvilon
Fedhas
Gozag
Hepliaklqana
Kikubaaqudgha
Makhleb
Nemelex Xobeh
Okawaru
Qazlal
Ru
Sif Muna
Trog
Uskayaw
Vehumet
Wu Jian
Xom
Yredelemnul
Zin
The Shining One
Beogh
Lugonu

Shops:
D:1 *   D:12 (   Orc:2 ?=((

Portals:
Abyss: Lair:6

Annotations:
D:15 Louise
Lair:5 3 runed translucent doors, Angani's ghost, journeyman DrHu


Innate Abilities, Weirdness & Mutations

You have sharp claws.
You have razor-sharp teeth.
You have supernaturally acute eyesight. (SInv)
You cover ground quickly. (Speed+)
Your thick and shaggy fur keeps you warm. (AC +3, rC+)
Your paws help you pounce on unaware monsters.
You are incapable of wielding weapons or throwing items.
You cannot wear armour.
You gain extra lives every three experience levels.


Message History

Confirm with . or Enter, or press ? or * to list all spells.
You erupt in a blast of force!
The mystic blast hits the golden dragon simulacrum but does no damage.
The golden dragon simulacrum is almost destroyed.
The mystic blast hits the caustic shrike simulacrum!
The caustic shrike simulacrum is heavily damaged.
The caustic shrike simulacrum is knocked back by the mystic blast.
You hear a horrible gurgling sound!
Unknown command.
Unknown command.
Unknown command.
Aiming: Thunderbolt
Press: ? - help, Shift-Dir - straight line, p - caustic shrike simulacrum The thunderbolt hits the golden dragon simulacrum but does no damage.
The golden dragon simulacrum is almost destroyed.
Unknown command.
Okay, then.
Aiming: Thunderbolt
Press: ? - help, Shift-Dir - straight line The thunderbolt hits the caustic shrike simulacrum.
The caustic shrike simulacrum is severely damaged.
The thunderbolt hits the golden dragon simulacrum!
The golden dragon simulacrum vaporises!
Vehumet accepts your kill.
You feel your power returning.
You block the caustic shrike simulacrum's attack.
The caustic shrike simulacrum claws you!!
* * * LOW HITPOINT WARNING * * *
The caustic shrike simulacrum freezes you.
You resist.
* * * LOW HITPOINT WARNING * * *
Unknown command.
Unknown command.
Unknown command.
Aiming: Thunderbolt
Press: ? - help, Shift-Dir - straight line The thunderbolt hits the caustic shrike simulacrum!
The caustic shrike simulacrum is almost destroyed.
The caustic shrike simulacrum claws you!
You die...

### ####### #######
.. #)!?..##
##.....#
..#:.....###......#
.#.......#.Z.....#
.........°ZZZ†∩.#
#.......#..Z....#
#Z.....###......#
#@°$..# ##.....#
####### #######


You could see a caustic shrike simulacrum.

Vanquished Creatures
  A thorn hunter (Swamp:2)
  A tengu reaver (D:13)
  2 orc warlords (Orc:1)
  A stone giant (D:15)
  An eleionoma (Swamp:1)
  A bunyip (Swamp:1)
  A deep elf death mage (D:13)
  Josephine (Lair:4)
  A shambling mangrove (Swamp:1)
  9 hydras
  A ghost crab (Swamp:1)
  5 ogre magi
  3 boulder beetles
  2 caustic shrike simulacra (IceCv)
  21 two-headed ogres
  2 alligators (Swamp:1)
  7 death yaks
  5 centaur warriors
  3 thrashing horrors (Lair:6)
  4 tengu warriors
  Nergalle (Orc:1)
  2 goliath frogs
  The ghost of bmj180 the Dealer of Despair, a novice DsNe of Kikubaaqudgha (D:8)
  A large abomination (Lair:6)
  A swamp dragon (Swamp:1)
  A death drake (Swamp:1)
  3 bog bodies
  2 orc knights (Orc:1)
  8 deep elf zephyrmancers
  12 deep elf pyromancers
  6 orc sorcerers
  2 will-o-the-wisps
  9 ugly things
  6 cyclopes
  2 black mambas
  9 elephants
  2 ice statues
  A water nymph (shapeshifter) (Lair:6)
  2 smoke demons (Lair:6)
  An unseen horror (D:12)
  A gargoyle (D:12)
  A cane toad (shapeshifter) (D:15)
  5 kobold demonologists (D:13)
  Psyche (D:11)
  5 rime drakes
  16 cane toads
  A freezing wraith (D:15)
  A yaktaur (D:12)
  An efreet (D:14)
  10 komodo dragons
  9 tengu conjurers
  A golden dragon simulacrum (IceCv)
  3 anaconda simulacra (IceCv)
  An ancient zyme (Lair:6)
  An ice devil (Lair:3)
  2 polar bears
  3 meliai (D:13)
  A queen bee (Lair:1)
  12 trolls
  3 tyrant leeches (Swamp:1)
  10 hornets (Swamp:1)
  The ghost of Leszczynek the Stinger, an amateur GnVM of Lugonu (D:5)
  11 blink frogs (Lair:6)
  12 slime creatures
  A centaur simulacrum (D:14)
  Sigmund (D:2)
  2 culicivoras (Lair:4)
  3 shadows
  4 vampires
  4 ynoxinuls (Lair:6)
  60 yaks
  A wyvern (D:9)
  4 dire elephant simulacra (IceCv)
  5 wraiths (Lair:4)
  Grum (D:11)
  8 spriggans
  4 basilisks
  2 steam dragons
  7 vampire mosquitoes
  A harpy simulacrum (Lair:3)
  6 swamp worms (Swamp:1)
  11 wargs
  3 acid dragons
  12 water moccasins
  A sky beast (D:5)
  A swamp drake (Swamp:1)
  24 orc warriors
  2 ice beasts
  5 black bears
  2 ettin simulacra (IceCv)
  31 ogres
  11 wolves
  6 centaurs
  A phantom (D:4)
  7 gnoll sergeants
  6 kobold brigands
  3 necrophages
  14 bullfrogs
  A cane toad simulacrum (Lair:3)
  10 wights
  16 small abominations (Lair:6)
  2 troll zombies (D:12)
  27 killer bees
  A lindwurm simulacrum (IceCv)
  A howler monkey (D:9)
  An elephant simulacrum (Lair:3)
  2 electric eels (D:12)
  A crimson imp (D:7)
  6 jellies
  Crazy Yiuf (D:3)
  18 orc priests
  3 gnoll shamans
  3 hounds
  An iron imp (D:10)
  9 hell rats
  7 iguanas
  Natasha (thrice) (D:2)
  22 orc wizards
  A spriggan simulacrum (Lair:3)
  A polar bear simulacrum (Lair:3)
  6 ogre zombies (D:12)
  7 adders
  28 gnolls
  2 naga simulacra (Lair:3)
  A river rat (D:5)
  2 ufetubi
  A worm (D:3)
  A dart slug (D:1)
  75 orcs
  10 ball pythons
  6 bats
  4 endoplasms
  4 giant cockroaches
  5 goblins
  6 hobgoblins
  A quokka (D:5)
  12 frilled lizards
  2 goblin skeletons (D:12)
  4 goblin zombies (D:12)
  2 hobgoblin skeletons (D:12)
  4 hobgoblin zombies (D:12)
  24 kobolds
  An orc skeleton (D:12)
  12 orc zombies (D:12)
  8 rats
875 creatures vanquished.

Vanquished Creatures (collateral kills)
  2 golden dragon simulacra (IceCv)
2 creatures vanquished.

Vanquished Creatures (others)
  A wyvern (D:7)
  A centaur (D:7)
  50 fungi
  81 plants
133 creatures vanquished.

Grand Total: 1010 creatures vanquished

Notes
Turn   | Place    | Note
-------+----------+-------------------------------------------
     0 | D:1      | tilp the Felid Ice Elementalist began the quest for the
                  | Orb.
     0 | D:1      | Reached XP level 1. HP: 7/7 MP: 4/4
   126 | D:1      | Reached XP level 2. HP: 11/11 MP: 4/6
   171 | D:1      | Found Gane Feo's Assorted Antiques.
   206 | D:1      | Reached skill level 4 in Ice Magic
   215 | D:1      | Found a faded altar of an unknown god.
   927 | D:1      | Reached XP level 3. HP: 14/14 MP: 5/7
   938 | D:1      | Learned a level 3 spell: Frozen Ramparts
  1414 | D:1      | Learned a level 3 spell: Ozocubu's Armour
  1778 | D:1      | Bought a scroll labelled HANLOMEACEO for 29 gold pieces
  1778 | D:1      | Bought a viscous ruby potion for 26 gold pieces
  2352 | D:2      | Noticed Natasha
  2354 | D:2      | Killed Natasha
  2355 | D:2      | Reached XP level 4. HP: 18/18 MP: 3/9
  2415 | D:2      | Noticed Natasha
  2421 | D:2      | Killed Natasha
  2537 | D:2      | Noticed Natasha
  2541 | D:2      | Killed Natasha
  2542 | D:2      | Reached skill level 5 in Ice Magic
  2611 | D:2      | Noticed Sigmund
  2954 | D:1      | Bought a scroll labelled JAALES RIRIR for 29 gold pieces
  3612 | D:3      | Reached XP level 5. HP: 20/21 MP: 8/10
  3632 | D:3      | Noticed a black bear
  3854 | D:3      | Found a runed translucent door.
  3855 | D:3      | Noticed Crazy Yiuf
  4529 | D:3      | Killed a black bear
  4530 | D:3      | Reached skill level 6 in Ice Magic
  4643 | D:3      | Killed Crazy Yiuf
  4644 | D:3      | Gained mutation: You are covered in thick fur. (AC +2)
                  | [Felid growth]
  4644 | D:3      | Reached XP level 6. HP: 25/25 MP: 3/11
  4790 | D:1      | Bought a scroll labelled RUPPOT DUISKUYTWI for 29 gold
                  | pieces
  4975 | D:4      | Found a sparkling altar of Nemelex Xobeh.
  5290 | D:4      | Reached skill level 1 in Unarmed Combat
  5484 | D:4      | Reached skill level 1 in Fighting
  5750 | D:4      | Reached skill level 1 in Evocations
  6662 | D:1      | Bought a fizzy silvery potion for 26 gold pieces
  6744 | D:3      | Learned a level 4 spell: Hailstorm
  6898 | D:4      | Found a stormy altar of Qazlal.
  6900 | D:4      | Found an ancient bone altar of Kikubaaqudgha.
  7168 | D:5      | Entered Level 5 of the Dungeon
  7388 | D:5      | Reached XP level 7. HP: 30/30 MP: 5/12
  7529 | D:5      | Found a basalt altar of Yredelemnul.
  7971 | D:5      | Found a runed translucent door.
  8080 | D:5      | Found a runed translucent door.
  8081 | D:5      | Noticed Leszczynek's ghost (amateur GnVM)
  8720 | D:6      | Reached XP level 8. HP: 36/36 MP: 5/13
  8898 | D:1      | Bought a bubbling green potion for 26 gold pieces
  8898 | D:1      | Bought 2 bubbling green potions for 52 gold pieces
  9350 | D:6      | Reached skill level 5 in Stealth
  9451 | D:6      | Reached skill level 1 in Conjurations
  9575 | D:6      | Learned a level 2 spell: Blink
  9769 | D:6      | Reached skill level 1 in Translocations
 10173 | D:7      | Found a staircase to the Ecumenical Temple.
 10182 | Temple   | Entered the Ecumenical Temple
 10449 | Temple   | Became a worshipper of Vehumet
 10596 | D:7      | Noticed a seven-headed hydra
 10602 | D:7      | Reached XP level 9. HP: 34/39 MP: 9/15
 10610 | D:7      | Killed a seven-headed hydra
 10752 | D:7      | Found a white marble altar of Elyvilon.
 11392 | D:7      | Reached skill level 7 in Ice Magic
 11546 | D:7      | Reached skill level 5 in Conjurations
 11753 | D:8      | Noticed a komodo dragon
 11950 | D:8      | Killed a komodo dragon
 11950 | D:8      | Reached * piety under Vehumet
 11950 | D:8      | Offered knowledge of Shock by Vehumet.
 11951 | D:8      | Reached skill level 5 in Spellcasting
 12162 | D:8      | Found a burning altar of Makhleb.
 12162 | D:8      | Noticed a deep elf pyromancer
 12255 | D:8      | Found a shadowy altar of Dithmenos.
 12364 | D:8      | Found a transporter.
 12374 | D:8      | Reached XP level 10. HP: 42/42 MP: 18/18
 12384 | D:8      | Found a transporter.
 12392 | D:8      | Identified the +4 scale mail of Cowardice {Harm Int+3
                  | Dex-3}
 12404 | D:8      | Noticed bmj180's ghost (novice DsNe)
 12434 | D:8      | Identified the ring of the Ghostly God {rCorr Dex+6}
 12494 | D:8      | Found a staircase to the Lair.
 13031 | D:9      | Reached skill level 8 in Ice Magic
 13408 | D:9      | Found a sacrificial altar of Ru.
 13646 | D:10     | Entered Level 10 of the Dungeon
 14111 | D:10     | Offered knowledge of Scorch by Vehumet.
 14113 | D:10     | Reached ** piety under Vehumet
 14257 | D:10     | Reached skill level 5 in Fighting
 14262 | D:10     | Reached skill level 5 in Dodging
 14341 | D:10     | Found a snail-covered altar of Cheibriados.
 14500 | D:11     | Noticed a two-headed ogre
 14509 | D:11     | Killed a two-headed ogre
 14510 | D:11     | Reached skill level 5 in Evocations
 14510 | D:11     | Reached XP level 11. HP: 19/48 MP: 9/19
 14737 | D:11     | Reached skill level 5 in Unarmed Combat
 14929 | D:11     | Noticed a two-headed ogre
 14935 | D:11     | Killed a two-headed ogre
 15106 | D:11     | Noticed Psyche
 15118 | D:11     | Noticed a two-headed ogre
 15119 | D:11     | Killed Psyche
 15126 | D:11     | Killed a two-headed ogre
 15128 | D:11     | Noticed a two-headed ogre
 15312 | D:11     | Offered knowledge of Stone Arrow by Vehumet.
 15319 | D:10     | Learned a level 3 spell: Stone Arrow
 15602 | D:11     | Killed a two-headed ogre
 15817 | D:11     | Noticed a green ugly thing
 15827 | D:11     | Noticed Grum
 15828 | D:11     | Killed a green ugly thing
 15832 | D:11     | Killed Grum
 16622 | D:2      | Killed Sigmund
 16741 | D:5      | Killed Leszczynek's ghost
 16888 | Lair:1   | Entered Level 1 of the Lair of Beasts
 16949 | Lair:1   | Learned a level 4 spell: Iskenderun's Mystic Blast
 16966 | Lair:1   | Reached *** piety under Vehumet
 16967 | Lair:1   | Reached skill level 1 in Earth Magic
 16982 | Lair:1   | Offered knowledge of Ignite Poison by Vehumet.
 17216 | Lair:1   | Gained mutation: Your thick and shaggy fur keeps you warm.
                  | (AC +3, rC+) [Felid growth]
 17216 | Lair:1   | Reached XP level 12. HP: 55/55 MP: 8/21
 17459 | Lair:1   | Reached **** piety under Vehumet
 17553 | Lair:1   | Offered knowledge of Inner Flame by Vehumet.
 18046 | Lair:2   | Reached skill level 9 in Ice Magic
 20054 | Lair:2   | Reached skill level 10 in Ice Magic
 20179 | Lair:2   | Reached skill level 10 in Conjurations
 20283 | Lair:3   | Reached ***** piety under Vehumet
 20283 | Lair:3   | Offered knowledge of Ozocubu's Refrigeration by Vehumet.
 20368 | Lair:3   | Identified a scroll of acquirement
 20497 | Lair:3   | Reached XP level 13. HP: 58/58 MP: 10/25
 20992 | Lair:3   | Learned a level 7 spell: Ozocubu's Refrigeration
 22608 | Lair:4   | Found a staircase to the Swamp.
 22848 | Lair:4   | Noticed Josephine
 23149 | Lair:4   | Killed Josephine
 23322 | Lair:4   | Acquired 871 gold pieces
 23324 | Lair:4   | Acquired the amulet of Xom's Ringing Laughter {Reflect
                  | rElec rF+ Dex+3 SH+5}
 23526 | Lair:4   | Found a hole to the Spider Nest.
 24176 | Lair:4   | Found a staircase to the Swamp.
 24230 | Lair:4   | Found a hole to the Spider Nest.
 25014 | Lair:4   | Found a staircase to the Swamp.
 25095 | Lair:4   | Found a hole to the Spider Nest.
 26216 | Lair:5   | Found a runed translucent gate.
 26216 | Lair:5   | Found a runed translucent gate.
 26216 | Lair:5   | Found a runed translucent gate.
 26476 | Lair:5   | Noticed Angani's ghost (journeyman DrHu)
 27255 | Lair:6   | Entered Level 6 of the Lair of Beasts
 27304 | Lair:6   | Found a staircase to the Slime Pits.
 27675 | Lair:6   | Offered knowledge of Olgreb's Toxic Radiance by Vehumet.
 27749 | Lair:6   | Reached skill level 10 in Fighting
 28140 | Lair:6   | Acquired the ring of Paranoia {Fly rElec rF+ Will++ Int-2}
 28142 | Lair:6   | Acquired tilp's Papyrus of Icy Beguiling
 28575 | Lair:6   | Reached XP level 14. HP: 66/66 MP: 16/28
 28706 | Lair:6   | Reached skill level 10 in Dodging
 29681 | Lair:6   | Identified the ring "Enulongo" {rN+ SInv}
 30762 | Lair:6   | Found a corrupted altar of Lugonu.
 30762 | Lair:6   | Found a one-way gate to the infinite horrors of the Abyss.
 31189 | Lair:6   | Incinerated by a smoke demon
 31190 | Lair:6   | Reached XP level 13. HP: 0/61 MP: 12/27
 31597 | Lair:6   | Found a staircase to the Slime Pits.
 32083 | Lair:6   | Upgraded the game from 0.29-a0-271-gd4eb659eea to
                  | 0.29-a0-275-g389c0b56f3
 32300 | D:8      | Killed bmj180's ghost
 33340 | D:12     | Reached skill level 11 in Ice Magic
 33746 | D:12     | Found Qikiz's Weapon Shoppe.
 33881 | D:12     | Found a staircase to the Orcish Mines.
 35078 | Orc:1    | Entered Level 1 of the Orcish Mines
 35092 | Orc:1    | Noticed Nergalle
 35114 | Orc:1    | Killed Nergalle
 35206 | Orc:1    | Offered knowledge of Eringya's Noxious Bog by Vehumet.
 35754 | Orc:1    | Noticed an orc warlord
 36354 | Orc:1    | Killed an orc warlord
 36355 | Orc:1    | Reached XP level 14. HP: 43/66 MP: 8/28
 36959 | Orc:1    | Noticed an orc warlord
 37248 | Orc:1    | Reached skill level 12 in Ice Magic
 37808 | Orc:1    | Killed an orc warlord
 38773 | Orc:2    | Entered Level 2 of the Orcish Mines
 40740 | Orc:2    | Reached ****** piety under Vehumet
 41027 | Orc:2    | Offered knowledge of Conjure Ball Lightning by Vehumet.
 41104 | Orc:2    | Reached skill level 10 in Stealth
 41494 | Orc:2    | Found Aduena's Jewellery Boutique.
 41494 | Orc:2    | Found Poxoen's Antique Weapon Emporium.
 41494 | Orc:2    | Found Fairuev's Magic Scroll Shoppe.
 41494 | Orc:2    | Found Anyocs's Weapon Boutique.
 41568 | Orc:2    | Found a staircase to the Elven Halls.
 41866 | Orc:2    | Bought a scroll of blinking for 105 gold pieces
 41866 | Orc:2    | Bought a scroll of acquirement for 728 gold pieces
 41866 | Orc:2    | Bought a scroll of magic mapping for 49 gold pieces
 41867 | Orc:2    | Bought a ring of poison resistance for 280 gold pieces
 41867 | Orc:2    | Bought the ring "Furealeo" {rN+++ rCorr MP+9 Int-2 Dex-3}
                  | for 603 gold pieces
 42179 | Lair:3   | Got the Grimoire of Damaging Stolen Souls
 44726 | D:13     | Got Sif Muna's Papyrus of Quantum Shape Shifting
 44781 | D:13     | Got the Disquisition on Shifting Unholy Magic
 44792 | D:13     | Got Iczam's Tome of Stones
 44811 | D:13     | Got Plog's Incunabulum of Changing
 44822 | D:13     | Found a shimmering blue altar of Sif Muna.
 44830 | D:13     | Reached XP level 15. HP: 65/71 MP: 18/29
 44841 | D:13     | Learned a level 5 spell: Freezing Cloud
 44925 | D:13     | Noticed a tengu reaver
 45474 | D:13     | Killed a tengu reaver
 45518 | D:13     | Got Muiwn's Tome of Shape Shifting and Calling
 45535 | D:13     | Got the Volume of the Mountains
 45782 | D:13     | Identified the +4 arbalest "Xungoj" {flame, *Slow rElec
                  | rPois Dex+4}
 46130 | D:14     | Offered knowledge of Lightning Bolt by Vehumet.
 47541 | D:14     | Reached skill level 10 in Evocations
 47775 | D:14     | Found a gate to the Vaults.
 48027 | D:14     | Reached skill level 10 in Unarmed Combat
 48364 | D:14     | Reached skill level 1 in Air Magic
 48527 | D:15     | Entered Level 15 of the Dungeon
 49128 | D:15     | Noticed Louise
 50040 | D:15     | Found a staircase to the Depths.
 50813 | Swamp:1  | Entered Level 1 of the Swamp
 50926 | Swamp:1  | Slain by a spectral fenstrider witch
 50927 | Swamp:1  | Reached XP level 14. HP: -2/64 MP: 14/28
 52085 | Swamp:1  | Reached skill level 13 in Ice Magic
 52085 | Swamp:1  | Reached XP level 15. HP: 47/73 MP: 5/29
 52926 | Swamp:2  | Found a frozen archway.
 53070 | Swamp:2  | Noticed a thorn hunter
 53083 | Swamp:2  | Killed a thorn hunter
 53230 | IceCv    | Entered an ice cave
 53251 | IceCv    | Mangled by a golden dragon simulacrum
 53252 | IceCv    | Reached XP level 14. HP: -8/69 MP: 8/28
 53271 | IceCv    | Slain by a caustic shrike simulacrum

Illustrated notes

Levels and vault maps discovered:
D:1:      enne_arrival_octagon_isle, layout_loops_corners, serial_shops, shop,
          basic_ecumenical_altar, hex_medium, minmay_lizard_pond
D:2:      layout_loops_corners, uniq_natasha, uniq_sigmund
D:3:      layout_loops_ring, serial_bayou, serial_bayou_crossing,
          serial_bayou_pond_a, serial_bayou_lagoon_a, serial_bayou_pond_a,
          serial_bayou_pond_a, hangedman_abyss_or_decor_lesser_grid, hex_tiny,
          uniq_crazy_yiuf_cottage
D:4:      layout_cave_pods, mainiacjoe_overflow_concentric_impassable,
          minitemple
D:5:      layout_cave_pods, lemuel_crystal_altar, ebering_ghost_sewer_f,
          serial_glass, glass_columns_b, glass_columns_a
D:6:      layout_basic
D:7:      layout_basic, minmay_temple_entry_junction,
          minmay_misc_feat_four_crosses, minmay_ruined_shrine
D:8:      layout_cave_pools, nicolae_dithmenos_shadow_blocks,
          kennysheep_little_box, grunt_lair_entry_orc_guard_hut,
          gammafunk_ghost_gnarly_gnolls
D:9:      layout_roguey, nicolae_ru_the_path_less_chosen,
          chequers_decorated_corner
D:10:     layout_long_grid, slow_altar_2
D:11:     layout_loops_ring, st_stairs_4, uniq_psyche, uniq_grum
D:12:     minmay_cornered_nines, layout_irregular_city, zombieorc2_lemuel,
          serial_shops, shop, nooodl_orcs_dogs
D:13:     evilmike_library_of_no_secrets, layout_long_grid
D:14:     layout_loops_cross, david_vaults_2, infiniplex_staircase_pillars_3b,
          elves_outpost_lemuel
D:15:     grunt_enter_depths_snipers, layout_basic, corexii_hall_statues_l,
          minmay_stone_trees_small, uniq_louise
Temple:   minmay_temple_curvy_branch
Lair:1:   layout_roguey [special_room_bee]
Lair:2:   layout_regular_city, serial_bayou_pond_c
Lair:3:   dreamdust_isle_of_ice, layout_small_grid
Lair:4:   layout_roguey, minmay_swamp_entry_wisps,
          hellmonk_spider_entry_life_and_decay, infiniplex_staircase_pool_2,
          uniq_josephine
Lair:5:   layout_long_grid, gammafunk_ghost_hydra_chop
Lair:6:   hellmonk_lair_end_abyssal_woods, layout_cave_pods,
          minmay_slime_entry_pillars
Swamp:1:  layout_basic_swamp, evilmike_swamp_ruin_house_4, swamp_pool3,
          hangedman_swamp_diagram, infiniplex_staircase_pool
Swamp:2:  layout_basic_swamp, portal_ice_cave_entry_ice_statue_one,
          nicolae_swamp_godswood, nicolae_swamp_little_tower
Orc:1:    layout_caves, minmay_orc_treasury, uniq_nergalle
Orc:2:    st_orc_ogre_mass, layout_caves, basic_altar
IceCv:    ice_cave_statue_garden_chambered

Skill      XL: |  1  2  3  4  5  6  7  8  9 10 11 12 13 14 15 |
---------------+----------------------------------------------+-----
Ice Magic      | 4 5 6 7 8 10 11 13 | 13.4
Spellcasting   | 3 5 7 9 |  9.0
Stealth        | 3 4 6 7 8 11 12 | 12.0
Dodging        | 3 4 5 8 9 11 12 | 12.0
Unarmed Combat | 2 3 4 6 7 9 10 | 10.0
Fighting       | 2 3 4 5 8 10 11 12 | 12.8
Evocations     | 1 2 4 5 6 7 9 10 | 10.0
Conjurations   | 3 6 8 10 11 12 | 12.0
Translocations | 2 4 |  4.0
Earth Magic    | 2 4 |  4.0
Air Magic      | 3 4 |  4.0

Action                   |  1- 3 |  4- 6 |  7- 9 | 10-12 | 13-15 || total
-------------------------+-------+-------+-------+-------+-------++-------
Melee: Unarmed           |    22 |    23 |    37 |    56 |    87 ||   225
       Bite              |     1 |     1 |     5 |    10 |     8 ||    25
       Punch             |       |       |     2 |     2 |     8 ||    12
 Cast: Freeze            |    35 |    52 |    55 |    57 |    21 ||   220
       Frozen Ramparts   |     4 |    15 |    28 |    59 |    75 ||   181
       Ozocubu's Armour  |       |    10 |    22 |    39 |   109 ||   180
       Hailstorm         |       |       |    23 |   101 |   110 ||   234
       Blink             |       |       |       |     6 |    26 ||    32
       Stone Arrow       |       |       |       |    81 |   810 ||   891
       Iskenderun's Myst |       |       |       |    18 |    50 ||    68
       Ozocubu's Refrige |       |       |       |       |     4 ||     4
       Freezing Cloud    |       |       |       |       |    25 ||    25
Evoke: Wand              |       |       |     7 |       |    13 ||    20
       Tin of tremorston |       |       |       |       |     6 ||     6
       Lightning rod     |       |       |       |       |     3 ||     3
  Use: Scroll            |     2 |     9 |     3 |     8 |    16 ||    38
       Potion            |       |       |     1 |     1 |     5 ||     7
 Stab: Sleeping          |    12 |     3 |     8 |     8 |    22 ||    53
       Distracted        |       |       |       |       |     1 ||     1
       Paralysed         |       |       |       |       |     1 ||     1
Armor: Skin              |     3 |    13 |     7 |    17 |    45 ||    85
Dodge: Dodged            |    26 |    50 |    83 |   180 |   319 ||   658
Block: Other             |       |       |       |       |    57 ||    57
       Reflection        |       |       |       |       |     6 ||     6

Table legend: (Time is in decaauts)
 A = Elapsed time spent in this place.
 B = Non-inter-level travel time spent in this place.
 C = Inter-level travel time spent in this place.
 D = Time resting spent in this place.
 E = Time spent auto-exploring this place.
 F = Levels seen in this place.
 G = Mean time per level.
                   A        B        C        D        E       F      G
               +--------+--------+--------+--------+--------+-----+--------+
         Total |  48363 |  44788 |   3575 |  16216 |  22189 |  27 | 1791.2 |
       Dungeon |  25728 |  23396 |   2332 |   7707 |  12441 |  15 | 1715.2 |
        Temple |    235 |    201 |     34 |      0 |    198 |   1 |  235.0 |
          Lair |  14412 |  13519 |    893 |   4962 |   6638 |   6 | 2402.0 |
         Swamp |   2231 |   2167 |     64 |   1058 |    761 |   2 | 1115.5 |
  Orcish Mines |   5716 |   5467 |    249 |   2487 |   2150 |   2 | 2858.0 |
      Ice Cave |     39 |     39 |      0 |      0 |      0 |   1 |   39.0 |
               +--------+--------+--------+--------+--------+-----+--------+

Top non-repeatable levels by time:
   Orc:1: 4392 daAuts
  Lair:6: 4199 daAuts
    D:12: 3689 daAuts
  Lair:4: 3068 daAuts
    D:13: 2541 daAuts
    D:14: 2491 daAuts
  Lair:2: 2388 daAuts
     D:1: 2373 daAuts
  Lair:3: 2225 daAuts
     D:3: 1940 daAuts
 Swamp:1: 1923 daAuts
    D:15: 1819 daAuts
  Lair:5: 1514 daAuts
    D:11: 1329 daAuts
   Orc:2: 1323 daAuts
